[Event "LTU-chT 2019"]
[Site "Lithuania"]
[Date "2019.03.30"]
[Round "3.9"]
[White "Sarauskas, Andrius"]
[Black "Muningis, Paulius"]
[Result "0-1"]
[ECO "A04"]
[WhiteElo "1703"]
[BlackElo "2146"]
[Annotator "NA"]
[PlyCount "98"]
[EventDate "2019.01.26"]
[EventType "team-tourn"]
[EventCountry "LTU"]
[SourceTitle "playchess.com"]
[Source "ChessBase"]
[SourceQuality "1"]
[TimeControl "40/5400+30:1800+30"]

1. Nf3 g6 2. g3 Bg7 3. Bg2 e5 4. O-O d5 5. d3 Nc6 6. Nbd2 Nf6 7. e4 O-O 8. Re1 Re8 9. c3 h6 10. Qc2 Be6 11. exd5 Nxd5 12. Nc4 Bf5 13. Nh4 Be6 14. Nf3 Bf5 15. Nh4 $11 Bg4 16. h3 Be6 17. Nf3 Bf5 18. Nh4 Be6 19. Nf3 Bf5 20. Nh4 Be6 21. Ne3 Qd7 22. Nxd5 Bxd5 23. Be3 Rad8 24. Rad1 Bxg2 25. Kxg2 Qd5+ 26. Kh2 Qxa2 27. Qe2 Qd5 28. Qg4 Qe6 29. Qa4 Qd5 30. Qg4 Qb3 31. Bc1 Qd5 32. Ng2 Qb5 33. Ne3 Rxd3 34. Rxd3 Qxd3 35. Rd1 Qb5 36. Rd7 Re7 37. Rd5 Qb3 38. Qc8+ Kh7 39. h4 h5 40. Rd7 Qe6 41. Rxc7 Qxc8 42. Rxc8 Rd7 43. Nc4 Ne7 44. Rc5 f6 45. Nd2 b6 46. Rc4 Kg8 47. Ne4 Kf7 48. b3 Bf8 49. Ba3 b5 0-1

[Event "LTU-chT 2019"]
[Site "Lithuania"]
[Date "2019.03.30"]
[Round "3.10"]
[White "Adomaitis, Edgaras"]
[Black "Setikiene, Grazina"]
[Result "1-0"]
[ECO "D43"]
[WhiteElo "1889"]
[BlackElo "1862"]
[Annotator "NA"]
[PlyCount "67"]
[EventDate "2019.01.26"]
[EventType "team-tourn"]
[EventCountry "LTU"]
[SourceTitle "playchess.com"]
[Source "ChessBase"]
[SourceQuality "1"]
[TimeControl "40/5400+30:1800+30"]

1. d4 d5 2. c4 c6 3. Nc3 Nf6 4. Nf3 e6 5. g3 Bb4 6. Bg2 {[%emt 0:00:27] E01: Catalan: Early deviations} dxc4 7. Ne5 O-O (7... Nd5 8. Bd2 Nb6 9. Ne4 Bxd2+ 10. Qxd2 O-O 11. Rc1 N8d7 12. Nd6 Qe7 13. Ndxc4 Nxc4 14. Nxc4 e5 {1-0 (30) Bindrich,F (2604)-Lenic,L (2650) Austria 2017}) 8. O-O Nd5 9. Ne4 ({Don't play} 9. Nxc4 Bxc3 10. bxc3 Nxc3 $15) 9... b5 10. Qc2 f6 11. Nf3 Bb7 $146 ({Predecessor:} 11... Nd7 12. a4 Be7 13. Bd2 Bb7 14. b3 cxb3 15. Qxb3 b4 {1-0 (60) Leonardi,C (2031)-Papadakis,M (2266) Nova Gorica 2016}) 12. Neg5 (12. b3 $11) 12... fxg5 13. Nxg5 g6 ({Better is} 13... Rf5 $17 14. Nxe6 Qf6) 14. Nxe6 (14. a3 $1 $11) 14... Qe7 ({Black should try} 14... Qd7 $17 15. Nxf8 Bxf8) 15. Nxf8 Qxf8 16. e4 Ne7 (16... Nb6 $11 {keeps the balance.}) 17. b3 Qf7 18. f4 $2 (18. bxc4 $18 a6 19. Rb1) 18... Na6 19. Bb2 Ba5 20. bxc4 bxc4 21. Rfc1 Bb6 {[%emt 0:04:46] [#]} (21... Nc7 $16) 22. Bf1 $1 ({Much less strong is} 22. Qxc4 $6 Qxc4 23. Rxc4 Nc7 $14) 22... Kf8 23. Bxc4 Qf6 24. Rd1 Qd6 25. a4 Nb4 26. Qc3 a5 27. Bb3 (27. Rd2 $18) 27... Qf6 $16 28. Kg2 Rd8 29. g4 Ke8 30. Kg3 g5 31. f5 Qh6 32. h3 Bc7+ 33. Kg2 Ng8 34. Bxg8 1-0

[Event "LTU-chT 2019"]
[Site "Lithuania"]
[Date "2019.03.30"]
[Round "3.12"]
[White "Tvarijonas, Tomas"]
[Black "Juknis, Paulius"]
[Result "1/2-1/2"]
[ECO "C11"]
[WhiteElo "2248"]
[BlackElo "2219"]
[Annotator "NA"]
[PlyCount "42"]
[EventDate "2019.01.26"]
[EventType "team-tourn"]
[EventCountry "LTU"]
[SourceTitle "playchess.com"]
[Source "ChessBase"]
[SourceQuality "1"]
[TimeControl "40/5400+30:1800+30"]

1. e4 e6 2. d4 d5 3. Nc3 Nf6 4. e5 Nfd7 5. f4 c5 6. Nf3 Nc6 7. Be3 cxd4 8. Nxd4 Bc5 9. Qd2 O-O 10. O-O-O a6 11. h4 Nxd4 12. Bxd4 b5 13. h5 b4 14. Na4 Bxd4 15. Qxd4 Qa5 16. b3 Bb7 17. h6 g6 $1 18. Kb1 Bc6 19. Nb2 Qc5 20. Rh3 a5 21. c3 Rfc8 $11 1/2-1/2

[Event "LTU-chT 2019"]
[Site "Lithuania"]
[Date "2019.03.30"]
[Round "3.13"]
[White "Kaunas, Kestutis"]
[Black "Steponavicius, Stasys"]
[Result "0-1"]
[ECO "E12"]
[WhiteElo "2156"]
[BlackElo "2194"]
[Annotator "NA"]
[PlyCount "65"]
[EventDate "2019.01.26"]
[EventType "team-tourn"]
[EventCountry "LTU"]
[SourceTitle "playchess.com"]
[Source "ChessBase"]
[SourceQuality "1"]
[TimeControl "40/5400+30:1800+30"]

1. d4 Nf6 2. c4 e6 3. Nf3 b6 4. a3 Ba6 5. e3 d5 6. b3 Bd6 7. Bb2 O-O 8. Bd3 c5 9. O-O cxd4 10. exd4 Nc6 11. Nbd2 Rc8 12. Re1 Na5 13. Ne5 dxc4 14. Ndxc4 Nxc4 15. bxc4 Nd7 $14 16. Re3 h6 17. Rg3 f5 18. c5 Bxe5 19. Bxa6 Bxg3 20. hxg3 Rc7 21. Qb3 Re8 22. Re1 Nf8 23. Bc4 bxc5 24. d5 exd5 25. Bxd5+ Kh8 26. Rd1 Qe7 27. Qf3 Qe2 28. Qb3 c4 29. Qa4 c3 30. Bc1 Nd7 31. Bf3 Qe7 32. Qa5 Ne5 33. Bd5 0-1

[Event "LTU-chT 2019"]
[Site "Lithuania"]
[Date "2019.03.30"]
[Round "3.14"]
[White "Bieliauskas, Marius"]
[Black "Jankunas, Tomas"]
[Result "1/2-1/2"]
[ECO "E69"]
[WhiteElo "2183"]
[BlackElo "2098"]
[Annotator "NA"]
[PlyCount "163"]
[EventDate "2019.01.26"]
[EventType "team-tourn"]
[EventCountry "LTU"]
[SourceTitle "playchess.com"]
[Source "ChessBase"]
[SourceQuality "1"]
[TimeControl "40/5400+30:1800+30"]

1. d4 Nf6 2. c4 g6 3. g3 Bg7 4. Bg2 O-O 5. Nc3 d6 6. Nf3 Nbd7 7. O-O c6 8. e4 e5 9. h3 Qb6 10. Re1 exd4 11. Nxd4 Re8 12. Nb3 Ne5 13. Be3 Qd8 14. c5 dxc5 15. Nxc5 Nc4 16. Bc1 Nd7 17. Nxd7 Qxd7 18. Qc2 $11 Qe7 19. Qe2 Be6 20. f4 Rad8 21. Kh2 Qb4 22. e5 f6 23. a3 Qb6 24. Ne4 fxe5 25. f5 gxf5 26. b3 Nd6 27. Ng5 Bd5 28. Be3 Qxb3 29. Rab1 Qc4 30. Qh5 h6 31. Bxd5+ cxd5 32. Rbc1 Qb5 33. Rc5 Qd7 34. Nf3 Ne4 35. Rc2 Qf7 36. Qxf7+ Kxf7 37. Bxa7 Rc8 38. Rb2 Re7 39. Nh4 Nd6 40. Rf1 Ke6 41. Rb6 Rc6 42. Rxc6 bxc6 43. Bc5 Rf7 44. Bxd6 Kxd6 45. Nxf5+ Kd7 46. g4 e4 47. h4 Be5+ 48. Kg2 Rf6 49. Rb1 Rg6 50. Kh3 d4 51. Rb7+ Ke6 52. Rb6 e3 53. Rxc6+ Kd7 54. Rc5 Re6 55. Rd5+ Kc6 56. Rxd4 Bxd4 57. Nxd4+ Kd6 58. Ne2 Ke5 59. Kg3 Ke4 60. g5 hxg5 61. hxg5 Ra6 62. Kg4 Ke5 63. g6 Rxg6+ 64. Kf3 Ra6 65. Kxe3 Rxa3+ 66. Kd2 Rf3 67. Nc3 Kd4 68. Ne2+ Kc4 69. Nc1 Rh3 70. Ne2 Rb3 71. Nc1 Rc3 72. Ne2 Rd3+ 73. Ke1 Re3 74. Kd2 Ra3 75. Nc1 Rh3 76. Ne2 Kb3 77. Nc1+ Kb2 78. Ne2 Rf3 79. Nd4 Rh3 80. Ne2 Rh2 81. Kd3 Rxe2 82. Kxe2 1/2-1/2

[Event "LTU-chT 2019"]
[Site "Lithuania"]
[Date "2019.03.30"]
[Round "3.15"]
[White "Simanaitis, Vytautas"]
[Black "Stremavicius, Pijus"]
[Result "1-0"]
[ECO "B08"]
[WhiteElo "2019"]
[BlackElo "2082"]
[Annotator "NA"]
[PlyCount "87"]
[EventDate "2019.01.26"]
[EventType "team-tourn"]
[EventCountry "LTU"]
[SourceTitle "playchess.com"]
[Source "ChessBase"]
[SourceQuality "1"]
[TimeControl "40/5400+30:1800+30"]

1. e4 d6 2. d4 Nf6 3. Nc3 g6 4. Nf3 Bg7 5. Bg5 h6 6. Be3 Ng4 {[%emt 0:03:03] B08: Pirc Defence: Classical System} 7. Bf4 g5 (7... Nc6 8. h3 e5 9. dxe5 Ngxe5 10. Nxe5 dxe5 11. Qxd8+ Nxd8 12. Be3 c6 13. O-O-O Be6 14. f3 {0-1 (66) Elistratov,S (2400)-Demidov,M (2514) Moscow 2018}) 8. Bg3 c6 9. Qd2 b5 10. h4 $146 ({Predecessor:} 10. Bd3 a6 11. O-O-O Qa5 12. Kb1 b4 13. Ne2 Be6 14. c4 bxc3 15. Nxc3 Nd7 {1-0 (34) Hoffman,M-Prokop,J Czechia 1996}) 10... b4 11. Ne2 Nf6 12. hxg5 Nxe4 13. Qe3 ({Reject} 13. Qxb4 $6 hxg5 14. Rxh8+ Bxh8 $11) 13... Nxg5 14. Nxg5 hxg5 15. Rxh8+ Bxh8 16. Qxg5 Be6 17. Nf4 Bf6 (17... Bxd4 $142 18. Nxe6 fxe6) 18. Qg8+ Kd7 19. Qxd8+ Kxd8 20. Nxe6+ fxe6 21. O-O-O Nd7 $11 22. Bc4 d5 23. Ba6 Nb6 24. Bb7 Kd7 25. Bxa8 Nxa8 26. Bb8 a6 27. f4 Nb6 28. g4 Nc4 29. g5 Bg7 30. Be5 Bxe5 31. dxe5 Ke8 32. Rh1 Ne3 33. Rh8+ Kf7 34. Rc8 Ng2 35. Rxc6 Nxf4 36. Rxa6 Ng6 37. Rb6 Nxe5 38. Rxb4 Kg6 39. a4 Kxg5 40. a5 Nc6 41. Rb5 e5 42. Rxd5 Kf4 43. Rc5 Nb4 44. Rc4+ 1-0

[Event "LTU-chT 2019"]
[Site "Lithuania"]
[Date "2019.03.30"]
[Round "3.16"]
[White "Chocenka, Dmitrijus"]
[Black "Zukauskas, Arnas Povilas"]
[Result "1-0"]
[ECO "E62"]
[WhiteElo "2287"]
[BlackElo "2108"]
[Annotator "NA"]
[PlyCount "97"]
[EventDate "2019.01.26"]
[EventType "team-tourn"]
[EventCountry "LTU"]
[SourceTitle "playchess.com"]
[Source "ChessBase"]
[SourceQuality "1"]
[TimeControl "40/5400+30:1800+30"]

1. d4 Nf6 2. c4 g6 3. Nc3 Bg7 4. g3 O-O 5. Bg2 d6 6. Nf3 Nc6 7. O-O e5 8. d5 Ne7 9. e4 Ne8 10. Ne1 c6 {[%emt 0:14:54] E62: King's Indian: Fianchetto: 6...c6 and Panno Variation (6...Nc6) without ...a6} (10... f5 11. f4 exf4 12. Bxf4 h6 13. Nc2 fxe4 14. Qd2 Nf5 15. Bxe4 Nf6 16. Bxf5 Bxf5 17. Nd4 Ng4 18. Ne6 Bxe6 19. dxe6 Bxc3 20. bxc3 {1-0 (35) Sasikiran,K (2654)-Cerveny,M (2399) Czech Republic 2017}) 11. Be3 $146 ({Predecessor:} 11. f4 f5 12. fxe5 dxe5 13. dxc6 Qxd1 14. Nxd1 Nxc6 15. Nc2 Nd6 16. exf5 Bxf5 17. Bd5+ Kh8 {0-1 (69) Petrova,E (1457)-Osmolovska,Y (1566) Minsk 2018}) 11... cxd5 12. cxd5 f5 13. f3 Nf6 14. Kh1 h6 15. Rc1 g5 16. Nb5 fxe4 17. fxe4 Bg4 18. Qd3 Ne8 19. Rxf8+ Bxf8 20. Nf3 a6 21. Nc3 Rc8 22. h3 Bh5 23. Rf1 Bg7 24. a4 Nf6 25. Nd2 Be8 26. Ra1 Qc7 27. Ra3 Rd8 28. a5 Nc8 29. Nc4 Nd7 30. Na4 Nc5 (30... Nf6 $16) 31. Nxc5 dxc5 32. Qc3 (32. Rc3 $142) 32... Bb5 33. Ra1 Bf8 34. Qxe5 Qxe5 35. Nxe5 Bg7 36. Ng4 Bxb2 37. Ra2 Bg7 38. Bxc5 h5 39. Ne3 Nd6 40. Bxd6 Rxd6 41. Nf5 Rd8 42. Nxg7 Kxg7 43. Rc2 Kf6 44. Rf2+ Ke7 45. Rf5 Rg8 46. e5 Bd7 47. Rf6 g4 48. h4 Rc8 $18 49. d6+ {[%emt 0:00:00] Discovered Attack} 1-0

[Event "LTU-chT 2019"]
[Site "Lithuania"]
[Date "2019.03.30"]
[Round "3.17"]
[White "Dambrauskas, Virginijus"]
[Black "Limontas, Martynas"]
[Result "0-1"]
[ECO "D07"]
[WhiteElo "2277"]
[BlackElo "2283"]
[Annotator "NA"]
[PlyCount "80"]
[EventDate "2019.01.26"]
[EventType "team-tourn"]
[EventCountry "LTU"]
[SourceTitle "playchess.com"]
[Source "ChessBase"]
[SourceQuality "1"]
[TimeControl "40/5400+30:1800+30"]

1. d4 d5 2. c4 Nc6 3. cxd5 Qxd5 4. e3 e5 5. Nc3 Bb4 6. Bd2 Bxc3 7. bxc3 Nf6 8. Qb3 {[%emt 0:02:33] D07: Queen's Gambit: Chigorin Defence} (8. f3 e4 9. c4 Qf5 10. f4 O-O 11. Ne2 h5 12. d5 Ne7 13. Nd4 Qg6 14. Bb4 Re8 15. Nb5 a5 16. Ba3 Bg4 {0-1 (64) Malakhatko,V (2550)-Miladinovic,I (2567) Algiers 2012}) 8... Qd6 9. Bd3 O-O 10. Ne2 a6 $146 ({Predecessor:} 10... Re8 11. O-O a6 12. Ng3 Be6 13. Qc2 Rad8 14. Rfd1 b5 15. a4 b4 16. cxb4 exd4 {1-0 (49) Hornung,H (2009)-Margraf,C (1928) Bad Woerishofen 2018}) 11. Ng3 Be6 12. Qc2 Rad8 13. Be2 Bg4 14. Bxg4 Nxg4 15. O-O Rfe8 16. Rad1 b5 17. Bc1 Qe6 18. Rfe1 Nf6 19. Bb2 Qxa2 20. Ra1 Qc4 21. Qb1 {[%emt 0:00:28] [#]} (21. Qe2 $142) 21... a5 $1 ({Don't play} 21... exd4 22. cxd4 a5 23. Rc1 $15) 22. Rc1 a4 23. Nf1 Na5 24. Nd2 Qe2 25. Rc2 Nc4 26. Nf3 Qd3 27. Nxe5 $2 (27. Ba3) 27... Rxe5 28. dxe5 a3 29. exf6 axb2 30. Rxb2 Nxb2 31. Qxd3 Nxd3 32. Ra7 c5 33. g4 gxf6 $19 34. Rb7 b4 35. cxb4 Nxb4 36. Rc7 Rd1+ 37. Kg2 Rc1 38. Kf3 c4 39. h4 c3 40. h5 h6 0-1

[Event "LTU-chT 2019"]
[Site "Lithuania"]
[Date "2019.03.30"]
[Round "3.18"]
[White "Mickevicius, Juras"]
[Black "Vaskevicius, Augustas"]
[Result "1-0"]
[ECO "A41"]
[WhiteElo "2273"]
[BlackElo "1935"]
[Annotator "NA"]
[PlyCount "77"]
[EventDate "2019.01.26"]
[EventType "team-tourn"]
[EventCountry "LTU"]
[SourceTitle "playchess.com"]
[Source "ChessBase"]
[SourceQuality "1"]
[TimeControl "40/5400+30:1800+30"]

1. d4 d6 2. Nf3 g6 3. c4 Bg7 4. g3 c5 5. d5 Nf6 6. Nc3 O-O 7. Bg2 Bg4 8. O-O Qc8 {[%emt 0:03:35] E60: King's Indian: Unusual lines and Fianchetto Variation without Nc3} 9. Re1 Na6 10. Bg5 h6 $146 ({Predecessor:} 10... Re8 11. Qd2 Nc7 12. e4 Nd7 13. Nh4 Ne5 14. b3 Bh3 15. f3 b5 16. cxb5 {½-½ (31) Paehtz,E (2498)-Michna,M (2375) Dresden 2016}) 11. Bf4 Nc7 12. e4 Nd7 13. h3 Bxf3 14. Qxf3 a6 15. a4 b5 16. axb5 axb5 17. cxb5 Qb7 18. Bf1 Ra7 19. Qe2 Rfa8 20. Rab1 Kh7 21. Be3 Nb6 22. Qd2 Rc8 23. Red1 Ne8 24. f4 Nf6 25. Bf2 Nfd7 26. Ra1 Rca8 27. Ra6 Nb8 28. Rxa7 Qxa7 29. e5 N8d7 30. e6 Nf6 (30... Bxc3 $142 31. Qxc3 (31. bxc3 fxe6 32. dxe6 Nf6 $16) 31... Nf6) 31. exf7 Qa5 32. Qc2 Nbd7 33. Re1 Qd8 34. Bd3 Nf8 35. Qe2 Ra7 36. g4 N6d7 37. h4 $18 Kh8 38. g5 Nb6 39. Qf3 1-0

[Event "LTU-chT 2019"]
[Site "Lithuania"]
[Date "2019.03.30"]
[Round "3.19"]
[White "Babrauskas, Darius"]
[Black "Bucinskas, Valdas"]
[Result "1/2-1/2"]
[ECO "B40"]
[WhiteElo "2019"]
[BlackElo "2297"]
[Annotator "NA"]
[PlyCount "96"]
[EventDate "2019.01.26"]
[EventType "team-tourn"]
[EventCountry "LTU"]
[SourceTitle "playchess.com"]
[Source "ChessBase"]
[SourceQuality "1"]
[TimeControl "40/5400+30:1800+30"]

1. e4 c5 2. Nf3 e6 3. d4 cxd4 4. Nxd4 Qb6 5. c3 a6 6. Nd2 {[%emt 0:02:30] B40: Sicilian: 2...e6, Unusual lines} (6. Be2 Qc7 7. f4 Bc5 8. O-O d6 9. Kh1 Nf6 10. Bf3 O-O 11. Qe1 e5 12. Nb3 Ba7 13. Qg3 Nbd7 14. Na3 b5 15. fxe5 dxe5 16. Bh6 Ne8 17. Nc2 Bb7 18. Rae1 Kh8 19. Be3 {½-½ (19) Short,N (2665)-Khalifman,A (2650) Parnu 1996}) 6... d6 $146 ({Predecessor:} 6... Qc7 7. a4 b6 8. Bd3 Nf6 9. O-O Be7 10. Qe2 d6 11. f4 Nbd7 12. N2f3 Nc5 13. Bc2 {1-0 (41) Isonzo,D (2360)-Straub,P (2096) Milan 2002}) 7. Bd3 Nf6 8. O-O Be7 9. a4 Nc6 10. Nc4 Qc7 11. Be3 Ne5 12. Nxe5 dxe5 13. Nb3 b6 14. a5 b5 15. Qf3 O-O 16. Rfe1 Bb7 17. Rac1 Rfc8 18. Bb6 Qb8 19. Rcd1 Nd7 20. Be3 $1 Bc6 21. Bc2 (21. Ra1 $11) 21... b4 22. c4 Ba4 23. Na1 Bc6 ({Black should try} 23... b3 $1 $15 24. Bxb3 Bc6) 24. Nb3 Qc7 25. Ra1 Qb7 26. Qg3 Rd8 27. f3 Rab8 28. Rec1 Qc7 29. Qf2 Ba8 30. c5 Bc6 31. Bd3 Qb7 32. Qe2 Ra8 33. Kh1 Nb8 34. Bc4 Be8 35. Rd1 Nc6 36. Rxd8 Bxd8 37. h3 h6 38. Qc2 Bc7 39. Be2 Bd7 40. Qd3 Bc8 41. Qc4 Rb8 42. Bd2 Kf8 43. Ra4 $14 Kg8 44. Be1 Kf8 45. Bf2 Kg8 46. Nd2 Kf8 47. Qb3 Nxa5 48. Qa2 Nc6 1/2-1/2

[Event "LTU-chT 2019"]
[Site "Lithuania"]
[Date "2019.03.30"]
[Round "3.20"]
[White "Viskelis, Darius"]
[Black "Valiunas, Rimantas"]
[Result "1/2-1/2"]
[ECO "B52"]
[WhiteElo "2242"]
[BlackElo "2064"]
[Annotator "NA"]
[PlyCount "58"]
[EventDate "2019.01.26"]
[EventType "team-tourn"]
[EventCountry "LTU"]
[SourceTitle "playchess.com"]
[Source "ChessBase"]
[SourceQuality "1"]
[TimeControl "40/5400+30:1800+30"]

1. e4 c5 2. Nf3 d6 3. Bb5+ Bd7 4. Bxd7+ Nxd7 5. O-O Ngf6 6. Re1 e6 7. b3 Be7 8. Bb2 O-O 9. c4 Qc7 10. Nc3 a6 11. d4 cxd4 12. Nxd4 Rfd8 {[%emt 0:02:34] B52: Sicilian: Moscow Variation with 3...Bd7} 13. Qf3 Ne5 {[%emt 0:01:28] [#]} 14. Qg3 $146 ({Predecessor:} 14. Qh3 Qb6 15. Rad1 Rac8 16. Re2 Ng6 17. Qe3 Qa5 18. h3 Qh5 19. Bc1 Qc5 20. Na4 {1-0 (54) Dzhumaev,M (2549)-Salubre,J (2322) Manila 2008}) 14... Nc6 15. Nd5 $2 (15. Nxc6 $11 Qxc6 16. a4) 15... exd5 16. Nf5 Nh5 17. Qf3 Bf6 18. e5 Bxe5 (18... dxe5 $19 19. Qxh5 d4) 19. Bxe5 Nxe5 20. Qxh5 dxc4 21. Rac1 b5 22. bxc4 $17 bxc4 23. Re3 Ng6 24. Rce1 c3 25. Rh3 h6 26. Nxg7 Kxg7 27. Qxh6+ Kg8 28. Qh7+ Kf8 29. Ra1 Ne5 1/2-1/2

[Event "LTU-chT 2019"]
[Site "Lithuania"]
[Date "2019.03.30"]
[Round "4.2"]
[White "Narmontas, Tauras"]
[Black "Krivonosov, Oleg"]
[Result "0-1"]
[ECO "C56"]
[WhiteElo "2244"]
[BlackElo "2398"]
[Annotator "ChessBase"]
[PlyCount "106"]
[EventDate "2019.01.26"]
[EventType "team-tourn"]
[EventCountry "LTU"]
[SourceTitle "playchess.com"]
[Source "ChessBase"]
[SourceQuality "1"]
[TimeControl "40/5400+30:1800+30"]

1. e4 e5 2. Nf3 Nc6 3. d4 exd4 4. Bc4 Nf6 5. O-O Nxe4 6. Re1 d5 7. Bxd5 Qxd5 8. Nc3 Qh5 9. Nxe4 Be6 10. Neg5 O-O-O 11. Nxe6 fxe6 12. Rxe6 Bd6 13. Qd3 Rhe8 14. Rxe8 Rxe8 15. Bd2 g6 16. c3 Ne5 17. Nxe5 Bxe5 18. g3 dxc3 19. Bxc3 Bxc3 20. Qxc3 Qe5 21. Qc2 a6 22. Rc1 Re6 23. Qc4 Kb8 24. Rd1 Rc6 25. Qg8+ Ka7 26. b4 h5 27. h4 Qe4 28. Qb3 Rc2 29. Qf7 b6 30. a3 Rc3 31. a4 Kb7 32. Qd5+ Qxd5 33. Rxd5 Rc4 34. Rg5 Rxb4 35. Rxg6 Rxa4 36. f4 a5 37. f5 Rd4 38. f6 Rd8 39. f7 Rf8 40. Rf6 a4 41. Rf3 a3 42. Kg2 a2 43. Ra3 Rxf7 44. Rxa2 c5 45. Rf2 Rh7 46. Rf6 c4 47. Kf2 Re7 48. Rf4 b5 49. Rf5 Kc6 50. Rxh5 c3 51. Rh6+ Kd5 52. Rh8 Rc7 53. Rd8+ Ke5 0-1

[Event "LTU-chT 2019"]
[Site "Lithuania"]
[Date "2019.03.30"]
[Round "4.3"]
[White "Vedrickas, Tautvydas"]
[Black "Dubovikas, Tomas"]
[Result "1-0"]
[ECO "A43"]
[WhiteElo "2390"]
[BlackElo "2171"]
[Annotator "NA"]
[PlyCount "65"]
[EventDate "2019.01.26"]
[EventType "team-tourn"]
[EventCountry "LTU"]
[SourceTitle "playchess.com"]
[Source "ChessBase"]
[SourceQuality "1"]
[TimeControl "40/5400+30:1800+30"]

1. d4 Nf6 2. c4 c5 3. d5 d6 4. Nc3 g6 5. e4 Bg7 6. f3 e6 {[%emt 0:01:33] E80: King's Indian: Sämisch: Lines without early ...0-0} 7. Bg5 (7. Nge2 exd5 8. cxd5 a6 9. a4 O-O 10. Ng3 Nbd7 11. Be2 Ne8 12. Bf4 Rb8 13. O-O c4 14. Bxc4 Qb6+ 15. Rf2 Bd4 16. Qd2 Ne5 17. Bf1 Bxf2+ 18. Qxf2 Qxf2+ 19. Kxf2 {½-½ (32) Carlsen,M (2835)-Nepomniachtchi,I (2763) Wijk aan Zee 2019}) 7... e5 8. Nge2 a6 $146 ({Predecessor:} 8... O-O 9. Qc2 a6 10. a4 Qa5 11. Bd2 Qc7 12. Ng3 Nbd7 {1-0 (37) Al Khelaifi,K (1511)-Gondwe,V Tromsoe 2014}) 9. Qd2 h6 10. Be3 Nh5 11. g4 Nf6 12. h3 h5 13. Rg1 Qa5 14. Nc1 Nbd7 15. a3 Rb8 16. Rb1 Qc7 17. b4 b6 18. Kf2 Kf8 19. Kg2 Kg8 20. Be2 Ra8 21. Nd3 Qd8 22. Nf2 Qe7 23. Bd1 Ra7 (23... hxg4 $16 24. fxg4 cxb4 25. axb4 (25. Rxb4 Qd8 $14) 25... a5) 24. Ba4 Ra8 (24... hxg4 $16 25. hxg4 (25. fxg4 b5 $14) 25... b5) 25. Bc6 Ra7 26. Na4 Qd8 27. Rgc1 (27. g5 $18) 27... Rh7 {[%emt 0:00:39] [#]} 28. Nxb6 $1 Nxb6 29. bxc5 dxc5 30. Bxc5 hxg4 31. hxg4 Nxg4 $18 (31... Bh6 $142) 32. fxg4 Bh6 33. Bxb6 1-0

[Event "LTU-chT 2019"]
[Site "Lithuania"]
[Date "2019.03.30"]
[Round "4.4"]
[White "Muningis, Paulius"]
[Black "Brazdzionis, Andrius"]
[Result "0-1"]
[ECO "B20"]
[WhiteElo "2146"]
[BlackElo "2311"]
[Annotator "NA"]
[PlyCount "102"]
[EventDate "2019.01.26"]
[EventType "team-tourn"]
[EventCountry "LTU"]
[SourceTitle "playchess.com"]
[Source "ChessBase"]
[SourceQuality "1"]
[TimeControl "40/5400+30:1800+30"]

1. e4 c5 2. c4 Nc6 3. g3 g6 4. Bg2 Bg7 5. Ne2 e6 6. Nbc3 d6 7. d3 Nge7 8. Be3 Nd4 9. Qd2 O-O 10. O-O Rb8 11. Rab1 {[%emt 0:11:10] A36: Symmetrical English vs ...g6: 4 Bg2 Bg7} (11. Bh6 Bxh6 12. Qxh6 Nxe2+ 13. Nxe2 b5 14. b3 Nc6 15. f4 Nd4 16. Nxd4 cxd4 17. g4 f5 18. exf5 exf5 {½-½ (18) Miezis,N (2547)-Leko,P (2720) Porto Carras 2011}) 11... b6 12. Bg5 Bb7 13. b4 Qd7 14. Nxd4 cxd4 15. Ne2 e5 $146 ({Predecessor:} 15... Rfe8 16. Qb2 e5 17. b5 Qg4 {1-0 (82) Sunder,T-Kummle,T Germany 1990}) 16. Qb2 f6 17. Bd2 f5 18. f3 fxe4 19. fxe4 Qg4 20. Rxf8+ Rxf8 21. Re1 Bc8 22. Qa3 Qd7 23. b5 h6 24. Bb4 Rd8 25. Rf1 Qc7 26. h3 Be6 27. Qc1 Kh7 28. a4 Qd7 29. Kh2 a5 30. Bd2 Rc8 31. Qe1 Ng8 32. g4 Qd8 33. g5 hxg5 34. Bf3 Bf6 35. Qg3 Nh6 36. Rg1 Nf7 37. Bg4 Qd7 38. Bxe6 Qxe6 39. h4 Rh8 40. hxg5 Kg7+ 41. Kg2 Bd8 42. Rh1 Rxh1 43. Kxh1 Qc8 44. Ng1 Qc5 45. Kg2 Qa3 46. Kf2 Qxa4 47. Nf3 Qc2 48. Ke2 a4 49. Qg4 a3 50. Qe6 a2 51. Nh4 a1=Q 0-1

[Event "LTU-chT 2019"]
[Site "Lithuania"]
[Date "2019.03.30"]
[Round "4.5"]
[White "Setkauskas, Vaidas"]
[Black "Adomaitis, Edgaras"]
[Result "1-0"]
[ECO "B06"]
[WhiteElo "2183"]
[BlackElo "1889"]
[Annotator "NA"]
[PlyCount "83"]
[EventDate "2019.01.26"]
[EventType "team-tourn"]
[EventCountry "LTU"]
[SourceTitle "playchess.com"]
[Source "ChessBase"]
[SourceQuality "1"]
[TimeControl "40/5400+30:1800+30"]

1. e4 d6 2. d4 g6 3. Nc3 Bg7 4. Be3 c6 5. Qd2 b5 6. Bd3 Nd7 7. Nf3 Nb6 8. b3 Bd7 $146 {[%emt 0:07:07] B06: Modern Defence} ({Predecessor:} 8... Nf6 9. Bh6 O-O 10. e5 dxe5 11. dxe5 b4 12. Ne2 Bxh6 13. Qxh6 Ng4 14. Qh4 Qc7 15. Ng5 h6 16. e6 {0-1 (53) Kashlinskaya,A (2450)-Socko,M (2428) Wroclaw 2016}) 9. O-O Nf6 10. h3 O-O 11. Rfe1 Qc7 12. e5 Nfd5 {[%emt 0:00:32] [#]} 13. Nxd5 $1 Nxd5 14. Bh6 b4 15. Re4 f5 16. Rh4 f4 17. Ng5 ({Not} 17. Bxf4 Rxf4 18. Rxf4 Bh6 $16 {[%mdl 64] Pin}) 17... Bxh6 18. Rxh6 Bf5 19. Nxh7 Kg7 20. Nxf8 Kxh6 21. Bxf5 Rxf8 22. exd6 Qxd6 23. Bg4 Rf6 24. Re1 Kg7 25. Qd3 f3 26. g3 ({Don't take} 26. Bxf3 $6 Nf4 $18) ({Much less strong is} 26. gxf3 $6 Qf4 $16) 26... Nc3 27. Bxf3 Nxa2 28. Kg2 Nc3 29. Re5 Nb5 30. Re4 Nc3 31. Rg4 Qe6 32. h4 a5 33. h5 Kh6 34. Qd2+ Kg7 35. Qg5 Nb5 $18 36. Re4 Qd6 37. Qe3 e6 38. hxg6 Rxg6 39. Bh5 Rh6 40. Rg4+ Kh7 41. Rh4 Kg7 42. Qg5+ 1-0

[Event "LTU-chT 2019"]
[Site "Lithuania"]
[Date "2019.03.30"]
[Round "4.8"]
[White "Tvarijonas, Tomas"]
[Black "Germanavicius, Sarunas"]
[Result "0-1"]
[ECO "B90"]
[WhiteElo "2248"]
[BlackElo "2352"]
[Annotator "ChessBase"]
[PlyCount "78"]
[EventDate "2019.01.26"]
[EventType "team-tourn"]
[EventCountry "LTU"]
[SourceTitle "playchess.com"]
[Source "ChessBase"]
[SourceQuality "1"]
[TimeControl "40/5400+30:1800+30"]

1. e4 c5 2. Nf3 d6 3. d4 cxd4 4. Nxd4 Nf6 5. Nc3 a6 6. Be3 e5 7. Nb3 Be6 8. f3 h5 9. Qd2 Nbd7 10. O-O-O Rc8 11. Kb1 Qc7 12. Be2 Be7 13. Bg5 b5 14. Rc1 Nb6 15. Bxf6 Bxf6 16. Bxb5+ axb5 17. Nxb5 Qc6 18. Nxd6+ Ke7 19. Nxc8+ Rxc8 20. Qb4+ Ke8 21. Na5 Qc7 22. c4 Be7 23. Qd2 Rd8 24. Qe1 Na4 25. Nb3 Ra8 26. Rc2 Qa7 27. Nc1 Bc5 28. Qe2 Bd4 29. Qd3 Nc5 30. Qe2 Nb3 31. a3 Qa4 32. Rd1 Nc5 33. h3 Rb8 34. Ka2 Na6 35. Kb1 Qxa3 36. Rd3 Qa4 37. Rxd4 exd4 38. f4 Nb4 39. Rd2 Ra8 0-1